 Dungeon Crawl Stone Soup version 0.20.1-1-g8b1a95d (webtiles) character file.

149 spiff the Insei (level 5, -9/33 HPs)
             Began as an Octopode Transmuter on July 19, 2017.
             Shot with an arrow by a centaur (13 damage)
             ... on level 3 of the Dungeon.
             The game lasted 00:05:26 (2769 turns).

spiff the Insei (Octopode Transmuter)               Turns: 2769, Time: 00:05:26

Health: -9/33      AC:  1    Str: 15    XL:     5   Next: 31%
Magic:  1/8        EV: 14    Int: 15    God:
Gold:   122        SH:  0    Dex: 19    Spells: 2/8 levels left

rFire    . . .     SeeInvis +     - Unarmed
rCold    . . .     Gourm    .   (no shield)
rNeg     . . .     Faith    .   (helmet restricted)
rPois    .         Spirit   .   (no amulet)
rElec    .         Reflect  .   j - ring of see invisible
rCorr    +         Harm     .   l - +6 ring of dexterity
MR       .....                  m - ring of resist corrosion
Stlth    +++.......             (no ring)
Regen    0.2/turn               (no ring)
MPRegen  0.2/turn               (no ring)
                                (no ring)
                                (no ring)

@: mighty, lethally poisoned (-9 -> -11), appendage (expiring), very slightly
contaminated
A: almost no armour, stealthy swim, amphibious, 8 rings, constrict 8, tentacle
spike 3, camouflage 1, gelatinous body 1
a: End Transformation


You were on level 3 of the Dungeon.
You were not hungry.
One of your tentacles had a temporary spike.
You visited 1 branch of the dungeon, and saw 3 of its levels.

You collected 122 gold pieces.

Inventory:

Missiles
 a - 21 arrows
 k - 90 stones (quivered)
 s - 3 tomahawks
Jewellery
 j - a ring of see invisible (left tentacle)
 l - a +6 ring of dexterity (right tentacle)
 m - a ring of resist corrosion (on tentacle)
Scrolls
 g - a scroll of enchant weapon
 i - a scroll of remove curse {unknown}
 u - a scroll of identify {unknown}
Potions
 d - a potion of mutation {unknown}
 e - a potion of curing {unknown}
 o - a potion of haste {unknown}
 p - 2 potions of lignification {unknown}
 q - a potion of might
 t - a potion of flight {unknown}
 v - a potion of agility {unknown}
Books
 b - a book of Changes

   Spells                             Type                      Level
   a - Beastly Appendage              Transmutation                1
   b - Sticks to Snakes               Transmutation                2
   c - Spider Form                    Transmutation/Poison         3
   d - Ice Form                       Ice/Transmutation            4
   e - Blade Hands                    Transmutation                5
Comestibles
 c - 3 bread rations
 f - a royal jelly
 h - a chunk of flesh
 n - a fruit
 r - 2 meat rations


   Skills:
 - Level 1.0 Fighting
 - Level 2.0 Dodging
 + Level 4.3 Unarmed Combat
 - Level 2.0 Spellcasting
 + Level 3.8 Transmutations
 - Level 2.0 Poison Magic


You had 2 spell levels left.
You knew the following spells:

 Your Spells              Type           Power        Failure   Level  Hunger
a - Beastly Appendage     Tmut           ##....       4%          1    #......
b - Sticks to Snakes      Tmut           ##......     7%          2    ###....
c - Spider Form           Tmut/Pois      ##........   21%         3    ###....


Dungeon Overview and Level Annotations

Branches:
Dungeon (3/15)

Altars:
Nemelex Xobeh

Annotations:
D:2 1 runed door
D:3 Terence


Innate Abilities, Weirdness & Mutations

You cannot wear most types of armour.
You are very stealthy in the water. (Stealth+)
You are amphibious.
You can wear up to eight rings at the same time.
You can use your tentacles to constrict eight enemies at once.
Your skin changes colour to match your surroundings (Stealth+).
Your rubbery body absorbs attacks. (AC +1, EV +1)
One of your tentacles bears a large vicious spike.


Message History

It was a potion of might.
You feel very mighty all of a sudden.
The orc closely misses your ball python.
Your ball python completely misses Terence.
Your ball python constricts Terence.
Terence misses your ball python.
Casting: Sticks to Snakes
Confirm with . or Enter, or press ? or * to list all spells.
You miscast Sticks to Snakes.
You are very lightly contaminated with residual magic.
Nothing appears to happen.
Your transformation is almost over.
The orc hits your ball python with a club.
Your ball python dies!
Terence shouts!
You barely miss Jessica. You grab Jessica.
You pierce Jessica!
Jessica is almost dead.
You constrict Jessica.
You kill Jessica!
You feel sick.
The centaur shoots an arrow.
The arrow hits you!
You die...

c. ... .####.. ......
..... #...# #### #...#
#..##########.c.####.
#..##......##)@......
##..........@..o#..#.
##....>............
#..................
#..................
#..................
#................##
##.......[#.##.#....###..
##....>.....##.##....<..##
#..........##...#.........


You could see a centaur, Terence and an orc.

Vanquished Creatures
  Jessica (D:3)
  7 adders
  A dart slug (D:2)
  A worm (D:2)
  A leopard gecko (D:1)
  5 giant cockroaches (D:1)
  6 goblins
  3 hobgoblins
  14 jackals
  2 quokkas (D:2)
  3 bats
  2 frilled lizards
  3 kobolds
  5 rats
54 creatures vanquished.

Vanquished Creatures (collateral kills)
  A hobgoblin (D:3)
1 creature vanquished.

Grand Total: 55 creatures vanquished

Notes
Turn   | Place    | Note
-------+----------+-------------------------------------------
     0 | D:1      | spiff the Octopode Transmuter began the quest for the Orb.
     0 | D:1      | Reached XP level 1. HP: 13/13 MP: 3/3
   456 | D:1      | Reached XP level 2. HP: 18/18 MP: 3/5
   486 | D:1      | Learned a level 2 spell: Sticks to Snakes
  1076 | D:1      | Reached XP level 3. HP: 22/23 MP: 6/6
  1466 | D:2      | Learned a level 3 spell: Spider Form
  1579 | D:2      | Found a runed door.
  1646 | D:2      | Reached skill level 1 in Poison Magic
  1713 | D:2      | Reached XP level 4. HP: 27/28 MP: 3/7
  1815 | D:2      | Found a sparkling altar of Nemelex Xobeh.
  2264 | D:2      | Reached skill level 4 in Unarmed Combat
  2757 | D:3      | Noticed Terence
  2760 | D:3      | Noticed Jessica
  2762 | D:3      | Reached XP level 5. HP: 27/33 MP: 2/8
  2764 | D:3      | Noticed a centaur
  2769 | D:3      | Killed Jessica
  2769 | D:3      | Shot with an arrow by a centaur

Skill      XL: |  1  2  3  4 |
---------------+-------------+-----
Transmutations | 3 |  3.8
Poison Magic   | 1 2 |  2.0
Unarmed Combat | 4 |  4.3
Fighting       | |  1.0
Dodging        | |  2.0
Spellcasting   | |  2.0

Action                   |  1- 3 |  4- 6 || total
-------------------------+-------+-------++-------
Melee: Unarmed           |    61 |    42 ||   103
       Constrict         |    25 |    15 ||    40
       Kick              |    21 |    15 ||    36
       Tentacles         |    11 |     8 ||    19
       Punch             |     1 |       ||     1
 Cast: Beastly Appendage |    18 |     7 ||    25
       Sticks to Snakes  |     3 |     3 ||     6
       Spider Form       |       |     1 ||     1
  Use: Scroll            |       |     1 ||     1
       Potion            |       |     1 ||     1
 Stab: Sleeping          |     4 |     1 ||     5
  Eat: Chunk             |     3 |     4 ||     7
Armor: Skin              |     7 |     1 ||     8
Dodge: Dodged            |    32 |    30 ||    62
